Map: Blackburn LE

Players

Siege - Winner!

  • Race: Terran Terran
  • League: Platinum

Pedro

  • Race: Protoss Protoss
  • League: Gold

VOD

Have the link to the VOD?

Description

Time

  • Played on: April 13, 2021, 10:39 a.m.
  • Length: 20:09
Show
View Real Time Build Order
Export as new Build Order

Siege Terran - Winner!

Build Orders:  

Get SALT Encoding   

  12  0:00  SCV  
  13  0:12  SCV  
  14  0:17  Supply Depot  
  14  0:24  SCV  
  15  0:39  SCV  
  15  0:40  Barracks  
  16  0:46  Refinery  
  16  0:51  SCV  
  17  1:03  SCV  
  18  1:15  SCV  
  19  1:27  Marine, Orbital Command  
  20  1:40  Command Center  
  20  1:47  Marine  
  21  1:55  SCV  
  21  1:56  Supply Depot  
  22  2:09  Marine  
  23  2:17  SCV  
  24  2:27  Marine  
  24  2:28  Supply Depot  
  24  2:29  SCV  
  26  2:37  Factory  
  26  2:42  SCV  
  27  2:47  Refinery  
  27  2:51  Supply Depot  
  27  2:53  Orbital Command  
  27  2:54  SCV  
  28  3:03  Barracks Reactor  
  28  3:06  SCV  
  29  3:13  Supply Depot  
  29  3:18  SCV  
  29  3:19  SCV  
  31  3:21  Factory Tech Lab  
  31  3:25  Barracks  
  31  3:30  SCV  
  31  3:31  SCV  
  33  3:36  Supply Depot  
  33  3:39  Marine x2  
  33  3:40  Siege Tank  
  38  3:42  SCV  
  38  3:43  SCV  
  40  3:54  SCV  
  40  3:55  SCV  
  42  4:03  Engineering Bay  
  42  4:04  Marine, Engineering Bay  
  42  4:06  SCV, Marine  
  42  4:07  SCV  
  46  4:12  Barracks Tech Lab  
  46  4:14  Starport  
  46  4:15  Siege Tank  
  49  4:19  SCV x2  
  49  4:23  Supply Depot  
  51  4:31  SCV x2  
  52  4:35  Marine x2  
  52  4:36  Marine  
  56  4:39  Supply Depot  
  56  4:41  Refinery  
  56  4:43  SCV  
  56  4:44  SCV  
  58  4:51  Siege Tank  
  58  4:52  Starport Reactor  
  61  4:55  SCV  
  61  4:56  SCV  
  61  4:59  Marine x3  
  66  5:06  Stimpack  
  66  5:07  SCV  
  66  5:08  SCV  
  66  5:11  Refinery  
  68  5:19  Command Center  
  68  5:20  SCV x2, Marine x2  
  68  5:21  Marine  
  73  5:32  SCV, Medivac x2  
  78  5:38  SCV, Marine x2  
  78  5:41  Terran Infantry Weapons Level 1  
  81  5:44  SCV  
  83  5:51  SCV  
  83  5:54  Terran Infantry Armor Level 1  
  83  5:55  Marine  
  83  5:56  SCV  
  85  6:03  SCV  
  86  6:06  Barracks  
  86  6:08  SCV  
  87  6:15  SCV  
  88  6:20  SCV  
  88  6:21  Marine x3  
  88  6:23  Medivac  
  94  6:28  Armory  
  94  6:30  Supply Depot x2  
  94  6:31  Supply Depot, Medivac  
  96  6:38  SCV x2  
  98  6:50  SCV x2, Refinery  
  98  6:53  Barracks, Refinery  
  100  6:55  Marine x3  
  100  6:57  Medivac  
  105  7:02  SCV x2  
  105  7:07  Barracks Reactor  
  107  7:10  Missile Turret  
  107  7:14  Supply Depot, SCV x2  
  107  7:15  Sensor Tower  
  109  7:16  Orbital Command  
  109  7:19  Marine  
  109  7:20  Hellion  
  109  7:22  Marine  
  113  7:23  Marauder  
  113  7:26  SCV  
  113  7:27  SCV  
  117  7:37  Marine  
  117  7:38  Supply Depot  
  117  7:39  SCV  
  117  7:41  Marine  
  117  7:42  Barracks Reactor  
  117  7:43  Medivac  
  117  7:44  Medivac  
  127  7:57  Marine  
  127  7:58  Marine  
  129  7:59  Marauder, Marine  
  129  8:00  Marine  
  129  8:03  Thor  
  129  8:05  Terran Infantry Armor Level 2, Terran Infantry Weapons Level 2  
  136  8:06  Terran Vehicle Weapons Level 1  
  136  8:15  Marine  
  137  8:24  Marine x4  
  137  8:25  Marauder  
  137  8:26  Marine  
  144  8:27  Medivac x2  
  148  8:38  Reaper  
  148  8:39  SCV  
  148  8:40  SCV x2, Sensor Tower  
  152  8:42  Reaper, Sensor Tower  
  152  8:44  Combat Shield  
  152  8:45  Marine x3  
  152  8:46  Marine  
  152  8:47  Command Center  
  157  8:54  Barracks  
  157  8:58  Barracks  
  157  8:59  Smart Servos  
  157  9:00  Barracks  
  157  9:10  Supply Depot x2  
  157  9:11  Supply Depot  
  157  9:14  Supply Depot  
  157  9:17  Command Center  
  157  9:32  SCV x3, Marine x7, Medivac x2  
  157  9:35  Supply Depot  
  157  9:37  Supply Depot  
  171  9:43  Barracks  
  171  9:44  SCV x3  
  174  9:46  Barracks, Supply Depot x2  
  174  9:47  Barracks Tech Lab, Barracks Reactor  
  174  9:48  Barracks Reactor  
  174  9:50  Thor  
  174  9:51  Missile Turret, Marine x4  
  174  9:52  Sensor Tower  
  184  10:10  Marine x4  
  184  10:11  Marauder x2  
  184  10:12  Marine x2  
  184  10:13  Medivac x2  
  198  10:28  SCV x2  
  200  10:30  Planetary Fortress  
  200  10:36  Planetary Fortress  
  200  10:58  Barracks, Command Center  
  200  10:59  Terran Infantry Weapons Level 3, Terran Infantry Armor Level 3, Terran Vehicle Weapons Level 2  
  200  11:01  Barracks x2  
  192  11:13  Marine x10  
  192  11:14  Thor, Marauder x2  
  192  11:15  Medivac  
  188  11:22  SCV x5  
  180  11:31  Marine  
  157  11:33  Marine x6  
  157  11:34  Marine x2  
  157  11:35  Marine  
  152  11:47  SCV x2  
  144  11:48  Factory, Marine  
  144  11:49  Barracks Reactor x2  
  144  11:50  Marauder  
  144  11:51  Marauder, Medivac x2  
  144  11:52  Marine x5  
  144  11:53  Marine x5  
  145  12:05  Barracks x2  
  145  12:06  Barracks  
  146  12:10  Barracks Tech Lab  
  146  12:12  Barracks  
  145  12:26  Marine x10  
  145  12:27  Thor, Marauder x2  
  145  12:28  Medivac x2  
  169  12:35  Missile Turret  
  169  12:39  Marine x2  
  169  12:40  Marauder  
  159  12:48  Marauder  
  161  12:53  Marine x9  
  161  12:54  Barracks Reactor  
  161  12:55  Barracks Reactor x2  
  161  12:57  Marauder  
  163  13:02  Refinery  
  163  13:04  Command Center  
  163  13:05  Refinery  
  156  13:06  Barracks Tech Lab  
  156  13:07  Barracks Tech Lab  
  156  13:08  Barracks Tech Lab  
  154  13:20  SCV x3  
  154  13:26  Command Center  
  158  13:27  Planetary Fortress  
  158  13:32  SCV x3  
  160  13:34  Marine x4  
  160  13:35  Marauder x3  
  160  13:36  Marauder x2, Marine x8  
  160  13:37  Marauder, Marine x2  
  160  13:38  Medivac  
  188  13:44  SCV  
  188  13:47  Hi-Sec Auto Tracking, Neosteel Armor  
  188  13:48  Terran Vehicle Weapons Level 3  
  189  13:59  Marauder x3, Marine  
  196  14:08  Refinery  
  196  14:09  Refinery  
  196  14:17  Planetary Fortress  
  196  14:20  SCV x3  
  196  14:21  SCV  
  193  14:48  Marine  
  193  14:49  Marauder, Marine x7  
  193  14:50  Thor, Marauder x5  
  193  14:51  Medivac x2  
  193  14:52  Marine x12  
  160  15:00  Factory  
  160  15:02  Starport, Factory, Refinery x2  
  160  15:06  Marine x4  
  160  15:11  Marauder x3  
  146  15:16  Marine x3  
  146  15:18  Marauder  
  145  15:23  Planetary Fortress  
  145  15:26  SCV  
  145  15:27  SCV x3  
  149  15:31  Command Center  
  149  15:40  Marauder x2, Marine x2  
  149  15:41  Marauder x2, Marine x5  
  164  15:45  Missile Turret  
  164  15:48  Sensor Tower  
  164  15:55  SCV  
  164  15:56  SCV x3  
  168  15:58  Factory Tech Lab  
  168  15:59  Medivac x2  
  168  16:00  Starport Tech Lab, Marine  
  168  16:01  Marine x15  
  188  16:20  Marauder x6  
  188  16:22  Factory Tech Lab  
  188  16:25  Terran Vehicle And Ship Armor Level 1  
  189  17:09  Marine x7  
  189  17:10  Marine x4  
  186  17:19  Marine  
  186  17:20  Marine x2  
  186  17:21  Marauder x6  
  186  17:22  Thor x3  
  180  17:24  Medivac x2  
  180  17:26  Raven  
  180  17:27  Marine x4  
  180  17:28  Planetary Fortress  
  179  17:30  SCV x3  
  179  17:31  Marine x7  
  179  17:32  Marine  
  179  17:36  Marine x5  
  145  17:50  Marine  
  145  17:51  Marine x10  
  138  17:52  Marauder x5  
  154  18:09  SCV x2  
  154  18:10  SCV  
  154  18:11  SCV  
  154  18:12  SCV x2  
  160  18:20  Command Center  
  160  18:21  SCV  
  160  18:22  SCV x2, Marine x16  
  160  18:23  Thor, Marauder x6  
  197  18:32  Missile Turret  
  197  18:34  Missile Turret  
  197  18:37  Refinery  
  197  18:39  Missile Turret, Refinery  
  191  19:16  Marine  
  191  19:17  Marine x10  
  199  19:27  Marine  
Show
View Real Time Build Order
Export as new Build Order

Pedro Protoss 

Build Orders: 1 Gate Expand 

Get SALT Encoding   

  12  0:00  Probe  
  13  0:12  Probe  
  14  0:21  Pylon  
  14  0:24  Probe  
  15  0:39  Probe (Chrono Boost)  
  15  0:42  Gateway  
  17  0:51  Probe (Chrono Boost), Assimilator  
  17  0:56  Probe (Chrono Boost)  
  18  1:05  Probe  
  19  1:17  Probe  
  20  1:35  Nexus  
  20  1:44  Cybernetics Core  
  20  1:54  Probe  
  21  1:57  Pylon  
  21  2:06  Probe  
  22  2:17  Warp Gate (Chrono Boost)  
  22  2:18  Probe  
  22  2:20  Stalker  
  25  2:24  Assimilator  
  25  2:35  Probe, Pylon  
  26  2:41  Robotics Facility  
  26  2:47  Probe  
  26  2:48  Gateway  
  27  2:59  Probe  
  27  3:04  Shield Battery  
  28  3:08  Pylon  
  28  3:09  Stalker  
  30  3:18  Probe x2  
  32  3:30  Probe  
  32  3:31  Probe  
  32  3:32  Pylon  
  34  3:39  Pylon  
  34  3:43  Probe  
  34  3:44  Probe  
  36  3:49  Observer  
  37  3:56  Probe  
  37  3:57  Shield Battery, Assimilator  
  37  3:58  Probe  
  39  4:03  Sentry  
  39  4:08  Probe  
  42  4:12  Probe  
  42  4:15  Observer  
  44  4:23  Stalker  
  47  4:24  Probe x2  
  48  4:35  Twilight Council  
  48  4:36  Probe x2  
  48  4:38  Gateway  
  50  4:39  Gateway  
  50  4:46  Assimilator  
  50  4:47  Observer  
  50  4:48  Probe x2  
  53  4:55  Stalker  
  55  5:00  Probe  
  55  5:05  Probe  
  57  5:20  Nexus  
  57  5:22  Pylon  
  57  5:30  Charge (Chrono Boost)  
  57  5:45  Observer  
  57  5:46  Robotics Bay  
  57  5:47  Stalker x2  
  57  5:48  Stalker x2, Pylon  
  66  5:57  Probe  
  66  5:58  Probe  
  68  6:10  Probe x2  
  70  6:20  Zealot x3  
  70  6:21  Zealot  
  70  6:22  Probe x2  
  80  6:30  Gateway  
  80  6:31  Gateway  
  80  6:32  Colossus (Chrono Boost), Gateway  
  80  6:37  Pylon  
  86  6:40  Pylon, Extended Thermal Lance  
  86  6:57  Stalker x4  
  86  6:59  Probe x2  
  86  7:00  Probe  
  97  7:18  Pylon  
  97  7:28  Colossus (Chrono Boost)  
  103  7:30  Stalker  
  103  7:31  Stalker  
  103  7:32  Zealot x3  
  113  7:43  Pylon  
  113  7:45  Probe x3, Pylon  
  116  7:57  Probe x2  
  116  7:58  Probe  
  118  8:06  Zealot x7  
  118  8:09  Probe  
  133  8:17  Probe x2  
  133  8:19  Forge  
  135  8:21  Forge  
  135  8:27  Templar Archives  
  135  8:29  Pylon  
  135  8:35  Assimilator  
  135  8:39  Assimilator  
  141  8:42  Stalker x2  
  145  8:56  Immortal (Chrono Boost)  
  145  9:02  Zealot x5  
  153  9:06  Protoss Ground Weapons Level 1 (Chrono Boost)  
  153  9:07  Protoss Ground Armor Level 1 (Chrono Boost)  
  153  9:14  Probe x2  
  155  9:24  Zealot  
  157  9:30  Pylon  
  157  9:31  Pylon  
  157  9:33  Pylon  
  157  9:35  Pylon x2  
  157  9:44  Robotics Facility  
  157  9:47  Gateway  
  157  9:50  Gateway  
  157  9:53  Dark Shrine  
  157  10:03  Shield Battery  
  157  10:05  Shield Battery  
  157  10:07  Psionic Storm  
  157  10:12  Shield Battery x2, Pylon  
  157  10:13  High Templar x6  
  157  10:14  High Templar  
  171  10:15  Pylon  
  171  10:23  Photon Cannon  
  171  10:28  Pylon  
  171  10:30  Photon Cannon  
  171  10:34  Photon Cannon  
  171  10:41  Archon x3  
  171  10:44  Photon Cannon  
  171  10:46  High Templar x5  
  181  10:55  Immortal  
  185  11:02  Gateway  
  185  11:06  Gateway  
  185  11:08  Protoss Ground Weapons Level 2 (Chrono Boost), Gateway  
  185  11:09  Protoss Ground Armor Level 2 (Chrono Boost)  
  185  11:12  Gateway  
  185  11:13  Gateway  
  151  11:18  Archon  
  151  11:19  Archon  
  121  11:43  Stalker x3  
  121  11:44  Stalker x6  
  139  11:49  Archon  
  139  12:02  Nexus  
  139  12:05  Pylon  
  139  12:07  Pylon  
  139  12:10  Gravitic Drive  
  139  12:12  Warp Prism  
  141  12:18  Photon Cannon  
  141  12:20  Dark Templar x3  
  141  12:21  Dark Templar  
  149  12:29  Photon Cannon  
  117  12:46  High Templar x3  
  117  12:48  Zealot x7  
  133  13:06  Dark Templar x3  
  133  13:10  Probe x3  
  134  13:22  Probe x3  
  137  13:34  Probe, Archon  
  137  13:36  High Templar x3  
  137  13:38  Assimilator, Zealot x7  
  137  13:40  Observer  
  158  13:42  Assimilator  
  158  13:44  Protoss Ground Weapons Level 3 (Chrono Boost)  
  158  13:57  Probe x2  
  158  13:58  Probe  
  161  14:10  High Templar x3  
  161  14:12  Archon x2  
  167  14:18  Sentry  
  167  14:19  Stalker x2  
  173  14:25  Immortal (Chrono Boost), Zealot x8  
  173  14:27  Protoss Ground Armor Level 3 (Chrono Boost)  
  147  14:56  Archon  
  119  15:01  Stalker x5  
  119  15:02  Stalker x5  
  115  15:17  High Templar x3  
  115  15:21  Observer  
  115  15:43  Nexus  
  115  15:45  Pylon  
  115  15:47  Pylon  
  115  15:58  Zealot x5  
  115  15:59  Colossus x2  
  137  16:06  Zealot x5  
  137  16:07  Sentry, Zealot x2  
  153  16:14  Sentry  
  155  16:26  Probe x3  
  158  16:36  Zealot x3  
  164  16:46  Assimilator  
  164  16:51  Assimilator  
  164  16:56  Zealot  
  164  17:00  Dark Templar x4  
  164  17:01  Dark Templar x4  
  152  17:19  Dark Templar x4  
  152  17:20  Dark Templar  
  119  17:35  Stalker  
  119  17:36  Stalker x3  
  101  18:08  Nexus  
  101  18:09  Probe (Chrono Boost)  
  101  18:11  Pylon  
  101  18:12  Probe x3 (Chrono Boost)  
  103  18:13  Pylon  
  104  18:21  Probe (Chrono Boost)  
  104  18:25  Probe (Chrono Boost)  
  104  18:26  Probe (Chrono Boost)  
  104  18:29  Colossus  
  104  18:33  Probe  
  112  18:35  Probe  
  110  18:54  High Templar x4  
  86  19:16  Dark Templar x2  
Tags
 
Add a new tag
Caveats
  • Supply blocks, unpowered buildings, or Contaminate may cause inaccurate times.
  • Supply counts are checked every 10 seconds.